 Dungeon Crawl Stone Soup version 0.21-a0-398-g2ec2765 (webtiles) character file.

31 Mitsuki the Magician (level 3, 0/24 HPs)
             Began as a Demonspawn Wizard on Oct 20, 2017.
             Slain by a phantom (9 damage)
             ... on level 2 of the Dungeon.
             The game lasted 00:01:29 (1535 turns).

Mitsuki the Magician (Demonspawn Wizard)            Turns: 1535, Time: 00:01:29

Health: 0/24       AC:  2    Str:  7    XL:     3   Next: 7%
Magic:  2/8        EV: 14    Int: 20    God:
Gold:   40         SH:  0    Dex: 11    Spells: 8/9 levels left

rFire    . . .     SeeInvis .   l - +0 whip
rCold    . . .     Gourm    .   (no shield)
rNeg     . . .     Faith    .   a - +0 robe
rPois    .         Spirit   .   b - +0 hat
rElec    .         Reflect  .   (no cloak)
rCorr    .         Harm     .   (no gloves)
MR       .....                  (no boots)
Stlth    +.........             (no amulet)
HPRegen  0.08/turn              (no ring)
MPRegen  0.11/turn              (no ring)

@: no status effects
A: hooves 1, repulsion field 1
a: no special abilities


You were on level 2 of the Dungeon.
You were hungry.

You visited 1 branch of the dungeon, and saw 2 of its levels.

You collected 40 gold pieces.

Inventory:

Hand Weapons
 l - a +0 whip (weapon)
Armour
 a - a +0 robe (worn)
 b - a +0 hat (worn)
Scrolls
 e - a scroll of enchant armour {unknown}
 h - 4 scrolls of blinking {unknown}
 k - a scroll of noise {unknown}
 m - 3 scrolls of amnesia {unknown}
Potions
 g - a potion of invisibility {unknown}
 i - 3 potions of curing {unknown}
 j - a potion of haste {unknown}
 n - a potion of mutation {unknown}
Books
 c - a book of Minor Magic

   Spells                             Type                      Level
   a - Magic Dart                     Conjuration                  1
   b - Blink                          Translocation                2
   c - Call Imp                       Summoning                    2
   d - Slow                           Hexes                        2
   e - Conjure Flame                  Conjuration/Fire             3
   f - Mephitic Cloud                 Conjuration/Poison/Air       3
 o - a book of Maledictions

   Spells                             Type                      Level
   a - Corona                         Hexes                        1
   b - Ensorcelled Hibernation        Hexes/Ice                    2
   c - Confuse                        Hexes                        3
   d - Tukima's Dance                 Hexes                        3
   e - Dazzling Spray                 Conjuration/Hexes            3
Comestibles
 d - 2 bread rations
 f - a royal jelly


   Skills:
 - Level 1.7 Dodging
 - Level 1.7 Stealth
 + Level 3.5 Spellcasting
 + Level 2.2 Conjurations
   Level 1.0 Summonings
   Level 0.8 Translocations


You had 8 spell levels left.
You knew the following spells:

 Your Spells              Type           Power        Failure   Level  Hunger
a - Magic Dart            Conj           ##..         5%          1    None


Dungeon Overview and Level Annotations

Branches:
Dungeon (2/15)

Altars:


Innate Abilities, Weirdness & Mutations

You have large cloven feet.
You are surrounded by a mild repulsion field. (EV +2)


Message History

You are too injured to fight recklessly!
You are too injured to fight recklessly!
You are too injured to fight recklessly!
You are too injured to fight recklessly!
You are too injured to fight recklessly!
You are too injured to fight recklessly!
You are too injured to fight recklessly!
You are too injured to fight recklessly!
You are too injured to fight recklessly!
You are too injured to fight recklessly!
You are too injured to fight recklessly!
You are too injured to fight recklessly!
You are too injured to fight recklessly!
You are too injured to fight recklessly!
You are too injured to fight recklessly!
You are too injured to fight recklessly!
You barely miss the phantom.
The phantom is moderately damaged.
The phantom hits you!
You die...

#..+.......#
#.##.......#
#.##.......#
#.##<......#
#.##.......#
#.##.......#
#.#......#+###
#.#.#.##.....######
#.@W#.##..>..'.....
#.....##.....##.###
#.###........+..#..
#...#..##....##.#.#
###.#..##....##...#
#...#.###.......###
####.###.#
#.....[.##
#........#
#........##
#.##.##.<#
#####....##


You could see a phantom.

Vanquished Creatures
  An adder (D:2)
  A worm (D:2)
  A giant cockroach (D:2)
  5 goblins (D:1)
  A hobgoblin (D:1)
  7 bats
  2 kobolds (D:1)
  2 rats
20 creatures vanquished.

Notes
Turn   | Place    | Note
-------+----------+-------------------------------------------
     0 | D:1      | Mitsuki the Demonspawn Wizard began the quest for the Orb.
     0 | D:1      | Reached XP level 1. HP: 13/13 MP: 4/4
   555 | D:1      | Gained mutation: You have large cloven feet. [demonic ancestry]
   555 | D:1      | Reached XP level 2. HP: 19/19 MP: 3/6
  1236 | D:2      | Gained mutation: You are surrounded by a mild repulsion field. (EV +2) [demonic ancestry]
  1236 | D:2      | Reached XP level 3. HP: 9/24 MP: 0/8
  1522 | D:2      | Noticed a phantom
  1535 | D:2      | Slain by a phantom

Vault maps used:
D:1:      wheals_arrival_linesprint
D:2:      first_bread

Skill      XL: |  1  2 |
---------------+-------+-----
Conjurations   | 2 |  2.2
Dodging        | |  1.7
Stealth        | |  1.7
Spellcasting   | |  3.5
Summonings     | |  1.0
Translocations | |  0.8

Action                   || total
-------------------------++-------
Melee: Unarmed           ||    24
       Whip              ||    21
       Kick              ||     2
 Cast: Magic Dart        ||    59
  Eat: Chunk             ||     1
Armor: Robe              ||    16
Dodge: Dodged            ||    42

Table legend:
 A = Spawn XP
 B = Non-spawn XP
 C = Spawn XP percentage of total XP
 D = Spawn monster count
 E = Non-spawn monster count
 F = Spawn count percentage of total count
 G = Total turns spent on level
                    A         B        C        D         E        F      G
               +---------+---------+-------+---------+---------+-------+---------
         Total |       0 |      45 |   0.0 |       0 |      20 |   0.0 |  1535
               +---------+---------+-------+---------+---------+-------+---------
           D:1 |       0 |      23 |   0.0 |       0 |      15 |   0.0 |  1007
           D:2 |       0 |      22 |   0.0 |       0 |       5 |   0.0 |   528
               +---------+---------+-------+---------+---------+-------+---------
